 Dungeon Crawl Stone Soup version 0.27.1-33-g824d729ab1 (webtiles) character file.

Game seed: 1954254831085171158

191 MisterFreud the Skirmisher (level 5, -2/52 HPs)
             Began as a Minotaur Abyssal Knight on Nov 29, 2021.
             Was a Believer of Lugonu.
             Killed by divine providence
             ... invoked by an orc priest
              (9 damage)
             ... on level 3 of the Dungeon.
             The game lasted 00:02:12 (2205 turns).

MisterFreud the Skirmisher (MiAK)                   Turns: 2205, Time: 00:02:13

Health: -2/52      AC: 12    Str: 22    XL:     5   Next: 41%
Magic:  5/5        EV:  8    Int:  9    God:    Lugonu [**....]
Gold:   48         SH:  0    Dex: 11    Spells: 4/4 levels left

rFire    . . .     SeeInvis .   a - +1 falchion
rCold    . . .     Faith    .   (no shield)
rNeg     . . .     Spirit   .   j - +0 chain mail
rPois    .         Reflect  .   (helmet restricted)
rElec    .         Harm     .   (no cloak)
rCorr    .         Rampage  .   (no gloves)
Will     .....                  (no boots)
Stlth    ..........             (no amulet)
HPRegen  0.17/turn              k - +6 ring of strength
MPRegen  0.09/turn              n - +4 ring of protection

@: no status effects
A: horns 2, retaliatory headbutt
a: Renounce Religion, Depart the Abyss, Bend Space


You were on level 3 of the Dungeon.
You worshipped Lugonu.
Lugonu was pleased with you.
You visited 1 branch of the dungeon, and saw 3 of its levels.
You visited the Abyss 1 time.

You collected 48 gold pieces.

Inventory:

Hand Weapons
 a - a +1 falchion (weapon)
 m - a +4 dagger
Missiles
 e - 15 poisoned darts (quivered)
Armour
 b - a +0 leather armour
 j - a +0 chain mail (worn)
Jewellery
 k - a +6 ring of strength (left hand)
 n - a +4 ring of protection (right hand)
Scrolls
 c - 2 scrolls of teleportation {unknown}
 f - a scroll of vulnerability {unknown}
 g - a scroll of enchant weapon {unknown}
 i - 2 scrolls of amnesia {unknown}
Potions
 d - 2 potions of curing {unknown}
 h - a potion of might {unknown}
 l - a potion of haste {unknown}
 o - a potion of invisibility {unknown}


   Skills:
 + Level 7.5 Fighting
 - Level 2.4 Long Blades
 - Level 2.4 Armour
 - Level 1.1 Dodging
 - Level 1.7 Invocations


You had 4 spell levels left.
You didn't know any spells.
Your spell library contained the following spells:

 Spells                   Type           Power      Damage    Failure   Level
 Blink                    Tloc           N/A        N/A       99%         2
 Lesser Beckoning         Tloc           0%         N/A       100%        3
 Manifold Assault         Tloc           0%         N/A       100%        5


Dungeon Overview and Level Annotations

Branches:
Dungeon (3/15)

Altars:


Innate Abilities, Weirdness & Mutations

You have a pair of horns on your head.
You reflexively headbutt those who attack you in melee.


Message History

The orc hits you from afar with a +0 trident.
The adder bites you but does no damage.
You closely miss the adder. The orc hits you but does no damage.
The adder bites you but does no damage.
The orc hits you from afar with a +0 trident.
You hit the adder.
The adder is moderately wounded.
The adder bites you but does no damage. The orc barely misses you.
The adder bites you but does no damage.
You closely miss the adder. Your headbutt misses the adder.
The adder is moderately wounded.
You hear the brisk rusting of a very distant drain.
The adder bites you but does no damage.
The orc hits you from afar with a +0 trident.
You hit the adder. You headbutt the adder.
You kill the adder!
Lugonu accepts your kill. The orc misses you.
You barely miss the orc priest. The orc hits you but does no damage.
The orc priest mumbles some strange prayers to Beogh against you.
Beogh smites you!
* * * LOW HITPOINT WARNING * * *
You hit the orc priest but do no damage.
You headbutt the orc priest.
The orc priest is moderately wounded.
The orc hits you but does no damage. The orc priest closely misses you.
The orc hits you but does no damage.
You closely miss the orc priest.
The orc priest is moderately wounded.
The orc priest hits you with a +0 short sword.
* * * LOW HITPOINT WARNING * * *
The orc hits you but does no damage.
You hit the orc priest. Your headbutt misses the orc priest.
The orc priest is heavily wounded.
The orc priest hits you but does no damage.
The orc hits you from afar with a +0 trident.
* * * LOW HITPOINT WARNING * * *
The orc priest invokes the aid of Beogh against you.
Beogh smites you!
You die...

##### ##############
.....##.............
#......†....?.# .
#.####....(@....# ..
#.......###o##..#...
##.#####...S.o# ..#
##.#.#####..##.#)# ...#
.............##..##...#
....###......#.#......#
. #.###...##)$.......
#.# #..#####....### #.
#.# #.... .#....#


You could see an orc priest and an orc.

Vanquished Creatures
  An orc priest (D:3)
  3 orc wizards (D:3)
  3 adders
  2 worms (D:2)
  4 orcs (D:3)
  6 endoplasms
  3 giant cockroaches
  9 goblins
  A hobgoblin (D:2)
  3 quokkas
  3 ball pythons
  5 bats
  6 frilled lizards
  3 kobolds (D:1)
  2 rats
54 creatures vanquished.

Notes
Turn   | Place    | Note
-------+----------+-------------------------------------------
     0 | Abyss:1  | MisterFreud the Minotaur Abyssal Knight began the quest for
                  | the Orb.
     0 | Abyss:1  | Reached XP level 1. HP: 19/19 MP: 1/1
    65 | D:1      | Escaped the Abyss
   217 | D:1      | Reached skill level 4 in Fighting
   567 | D:1      | Reached XP level 2. HP: 28/28 MP: 2/2
   931 | D:1      | Reached * piety under Lugonu
  1295 | D:2      | Reached skill level 5 in Fighting
  1298 | D:2      | Reached XP level 3. HP: 36/36 MP: 3/3
  1855 | D:2      | You fall into a shaft and drop 1 floor!
  2053 | D:3      | Reached skill level 6 in Fighting
  2053 | D:3      | Reached XP level 4. HP: 44/44 MP: 4/4
  2129 | D:3      | Reached skill level 7 in Fighting
  2129 | D:3      | Reached XP level 5. HP: 41/52 MP: 5/5
  2197 | D:3      | Reached ** piety under Lugonu
  2205 | D:3      | Killed from afar by an orc priest

Illustrated notes

Levels and vault maps discovered:
D:1:      dpeg_arrival_shelter, layout_basic, minmay_splitting_lines,
          minmay_bisected
D:2:      kennysheep_big_flooded_room, layout_rooms,
          shapermc_ecumenical_altar_petra, uniq_crazy_yiuf_cottage
D:3:      layout_loops_ring, portal_sewer_entry_b, serial_shops,
          nicolae_shop_behind_doors, patterned_corridor

Skill      XL: |  1  2  3  4 |
---------------+-------------+-----
Fighting       | 4 5 6 7 |  7.5
Long Blades    | |  2.4
Armour         | |  2.4
Dodging        | |  1.1
Invocations    | |  1.7

Action                   |  1- 3 |  4- 6 || total
-------------------------+-------+-------++-------
Melee: Falchion          |    87 |    45 ||   132
       Headbutt          |    10 |    10 ||    20
Invok: Depart the Abyss  |     1 |       ||     1
Armor: Leather armour    |     7 |       ||     7
       Chain mail        |    49 |    47 ||    96
Dodge: Dodged            |    46 |    16 ||    62
       Rpst.: Falchion   |     6 |     3 ||     9
